Match 47186229
Unlisted

Match 47186229
End
Panzergrenadier Squad
Selects Armored Support Battlegroup
Panzergrenadier Squad
250 Light Carrier
Construct Light Support Kompanie
Combat Half-tracks
Panzerjäger Mechanized Group
Fire Support Elements
Selects Superior Fire Drills
Veteran Squad Leaders
le.IG 18 Support Gun Team
2.5-tonne Medical Truck
Construct Panzerarmee Kommand
Pak 38 Mechanized Group
Selects Salvage Kits
Emergency Repair Kits
Selects Panzer Storm
Panzer III L Medium Tank
Rapid Advance
Panzer III L Medium Tank
Selects Stuka Dive Bomb
Vehicle Survival Package
Armored Reserves
Tungsten Core Ammunition
Panzer IV Assault Group
Stuka Dive Bomb
250 Light Carrier
Selects Flammpanzer III Medium Tank
Selects Battlefield Salvage
Advanced Optics
Battlefield Salvage
Tiger Heavy Tank
Advanced Field Repairs
burgerkn1fe
Sev | Stryker
Sokol 1
Boneless
ValiantHawk
LegendaireNic
0
0

Comments sign in to comment!

No comments posted yet!